[ AOE2 MATCH · #484145705 ]
UnrankedLithuanians vs Japanese
Rival team · LOSS
[ REPLAY ANALYSIS · EXTRACTED FROM THE RECORDED GAME ]
Feudal
10:03
Castle
24:29
Imperial
—
| APM avg | 49.0 |
| APM peak | 77 |
| eAPM avg | 14.3 |
| Villagers / military | 50 / 25 |
Focus
⚔️ 22.6% · 🌾 77.4%
Archer ×12 · Militia ×11 · Skirmisher ×2
Feudal
10:31
Castle
—
Imperial
—
| APM avg | 23.8 |
| APM peak | 46 |
| eAPM avg | 14.9 |
| Villagers / military | 59 / 31 |
Focus
⚔️ 29.1% · 🌾 70.9%
Militia ×17 · Skirmisher ×13 · Spearman ×1
Match map
Initial resources + every placement click. Lines = walls · curves = elevation contours. ◆ gold · ⬟ stone · ● berries · ✦ relic · ◌ wall gap
Your base· Open — 1t gap
guilherme's base· Open — unwalled flank
Smoothed initial terrain · ◌ = detected wall gap · hover for details
Inputs per minute
— Coloradota - - guilherme
Build order — Coloradota
146 actions detected in the replay
| 0:04 | Build | House |
| 0:05 | Build | House |
| 0:09 | Create | Villager (Male) |
| 0:10 | Create | Villager (Male) |
| 0:10 | Create | Villager (Male) |
| 0:10 | Create | Villager (Male) |
| 0:10 | Create | Villager (Male) |
| 0:11 | Create | Villager (Male) |
| 1:35 | Create | Villager (Male) |
| 2:12 | Create | Villager (Male) |
| 2:12 | Create | Villager (Male) |
| 2:46 | Build | Lumber Camp |
| 3:33 | Create | Villager (Male) |
| 3:33 | Create | Villager (Male) |
| 3:33 | Create | Villager (Male) |
| 3:34 | Create | Villager (Male) |
| 3:47 | Build | House |
| 3:57 | Create | Villager (Male) |
| 3:57 | Create | Villager (Male) |
| 4:17 | Create | Villager (Male) |
| 4:17 | Create | Villager (Male) |
| 4:24 | Build | Palisade Wall |
| 4:30 | Create | Villager (Male) |
| 4:31 | Create | Villager (Male) |
| 5:08 | Create | Villager (Male) |
| 5:08 | Create | Villager (Male) |
| 5:42 | Build | House |
| 5:43 | Create | Villager (Male) |
| 6:42 | Build | Barracks |
| 7:20 | Create | Villager (Male) |
| 7:47 | Build | Mill |
| 7:49 | Create | Militia |
| 7:49 | Create | Militia |
| 7:50 | Create | Villager (Male) |
| 7:53 | Research | Feudal Age |
| 8:21 | Create | Militia |
| 8:28 | Build | House |
| 8:32 | Build | House |
| 8:48 | Build | Mining Camp |
| 9:31 | Build | Palisade Wall |
| 9:44 | Research | Loom |
| 9:45 | Create | Villager (Male) |
| 9:46 | Create | Villager (Male) |
| 10:03 | Age | Feudal Age |
| 10:05 | Research | Man-at-Arms (upgrade) |
| 10:17 | Build | House |
| 10:29 | Build | Archery Range |
| 10:45 | Build | Blacksmith |
| 10:53 | Create | Militia |
| 10:53 | Create | Militia |
| 11:15 | Create | Villager (Male) |
| 11:19 | Build | Farm |
| 11:27 | Create | Villager (Male) |
| 11:31 | Build | House |
| 11:59 | Build | House |
| 12:01 | Build | House |
| 12:46 | Create | Villager (Male) |
| 12:48 | Build | Farm |
| 13:10 | Create | Villager (Male) |
| 13:12 | Build | Farm |
| 13:15 | Create | Archer |
| 13:21 | Build | House |
| 13:26 | Build | Palisade Wall |
| 13:28 | Build | Palisade Wall |
| 13:29 | Build | Palisade Wall |
| 13:36 | Create | Villager (Male) |
| 13:49 | Build | House |
| 13:53 | Build | House |
| 14:02 | Create | Villager (Male) |
| 14:04 | Build | Farm |
| 14:05 | Build | Farm |
| 14:20 | Create | Villager (Male) |
| 14:25 | Create | Archer |
| 14:27 | Create | Villager (Male) |
| 14:29 | Build | Farm |
| 14:55 | Build | Lumber Camp |
| 15:02 | Create | Villager (Male) |
| 15:09 | Create | Militia |
| 15:17 | Create | Archer |
| 15:57 | Create | Villager (Male) |
| 16:00 | Build | Farm |
| 16:02 | Build | Farm |
| 16:04 | Build | Farm |
| 16:06 | Build | Farm |
| 16:09 | Research | Double-Bit Axe |
| 16:22 | Create | Archer |
| 16:28 | Create | Villager (Male) |
| 16:30 | Build | Farm |
| 16:52 | Research | Fletching |
| 16:55 | Create | Archer |
| 17:51 | Build | Farm |
| 17:53 | Create | Villager (Male) |
| 17:53 | Create | Villager (Male) |
| 17:56 | Create | Archer |
| 17:56 | Create | Archer |
| 17:57 | Create | Archer |
| 18:23 | Create | Villager (Male) |
| 18:29 | Create | Archer |
| 18:48 | Create | Skirmisher |
| 18:48 | Create | Skirmisher |
| 18:50 | Create | Villager (Male) |
| 18:51 | Create | Villager (Male) |
| 18:53 | Build | Farm |
| 18:54 | Build | Farm |
| 18:58 | Research | Horse Collar |
| 19:48 | Create | Militia |
| 19:56 | Create | Militia |
| 19:56 | Create | Villager (Male) |
| 19:57 | Create | Villager (Male) |
| 20:02 | Build | Market |
| 20:05 | Build | House |
| 20:06 | Build | House |
| 20:07 | Build | House |
| 20:15 | Build | Farm |
| 20:30 | Create | Militia |
| 20:36 | Build | Farm |
| 20:39 | Create | Villager (Male) |
| 20:56 | Research | Padded Archer Armor |
| 21:08 | Build | Farm |
| 21:09 | Build | Farm |
| 21:17 | Create | Villager (Male) |
| 21:46 | Create | Villager (Male) |
| 21:49 | Research | Castle Age |
| 21:51 | Build | House |
| 21:55 | Build | Farm |
| 21:56 | Build | Farm |
| 21:57 | Build | Farm |
| 22:04 | Build | Archery Range |
| 22:37 | Create | Militia |
| 22:37 | Create | Militia |
| 22:44 | Create | Archer |
| 22:44 | Create | Archer |
| 22:45 | Create | Archer |
| 22:56 | Build | House |
| 22:57 | Build | House |
| 23:37 | Build | Farm |
| 23:39 | Build | Farm |
| 23:39 | Build | Farm |
| 23:47 | Build | Stable |
| 23:49 | Build | Stable |
| 24:29 | Age | Castle Age |
| 24:35 | Build | Monastery |
| 24:39 | Build | Farm |
| 24:39 | Create | Villager (Male) |
| 24:40 | Create | Villager (Male) |
| 24:40 | Create | Villager (Male) |
Build order — guilherme
133 actions detected in the replay
| 0:02 | Create | Villager (Male) |
| 0:02 | Create | Villager (Male) |
| 0:02 | Create | Villager (Male) |
| 0:02 | Create | Villager (Male) |
| 0:03 | Create | Villager (Male) |
| 0:06 | Build | House |
| 0:12 | Build | House |
| 1:35 | Create | Villager (Male) |
| 1:36 | Create | Villager (Male) |
| 2:03 | Create | Villager (Male) |
| 2:03 | Create | Villager (Male) |
| 2:04 | Create | Villager (Male) |
| 2:42 | Create | Villager (Male) |
| 2:42 | Create | Villager (Male) |
| 2:42 | Create | Villager (Male) |
| 2:42 | Create | Villager (Male) |
| 3:01 | Build | Mill |
| 3:10 | Create | Villager (Male) |
| 3:10 | Create | Villager (Male) |
| 3:16 | Build | House |
| 3:21 | Build | House |
| 3:24 | Build | Lumber Camp |
| 3:38 | Create | Villager (Male) |
| 3:38 | Create | Villager (Male) |
| 4:25 | Create | Villager (Male) |
| 4:25 | Create | Villager (Male) |
| 4:54 | Create | Villager (Male) |
| 4:54 | Create | Villager (Male) |
| 4:54 | Create | Villager (Male) |
| 5:25 | Create | Villager (Male) |
| 5:26 | Create | Villager (Male) |
| 5:26 | Create | Villager (Male) |
| 6:21 | Create | Villager (Male) |
| 6:21 | Create | Villager (Male) |
| 6:47 | Create | Villager (Male) |
| 6:52 | Research | Loom |
| 7:24 | Build | Barracks |
| 7:39 | Build | Mining Camp |
| 8:00 | Build | House |
| 8:12 | Research | Feudal Age |
| 8:26 | Create | Militia |
| 8:27 | Create | Militia |
| 8:27 | Create | Militia |
| 8:44 | Create | Militia |
| 8:44 | Create | Militia |
| 8:45 | Create | Militia |
| 8:53 | Build | House |
| 9:10 | Build | Lumber Camp |
| 9:15 | Create | Villager (Male) |
| 9:19 | Create | Militia |
| 9:29 | Build | Mill |
| 10:03 | Create | Militia |
| 10:31 | Age | Feudal Age |
| 10:35 | Research | Man-at-Arms (upgrade) |
| 10:39 | Create | Villager (Male) |
| 10:41 | Create | Militia |
| 11:21 | Build | Farm |
| 11:37 | Create | Villager (Male) |
| 11:37 | Create | Villager (Male) |
| 11:38 | Create | Villager (Male) |
| 12:22 | Create | Villager (Male) |
| 12:22 | Create | Villager (Male) |
| 12:31 | Create | Spearman |
| 12:51 | Create | Militia |
| 14:08 | Create | Militia |
| 14:08 | Create | Militia |
| 14:28 | Create | Villager (Male) |
| 14:47 | Build | Farm |
| 14:49 | Build | Farm |
| 14:50 | Build | Farm |
| 14:56 | Create | Militia |
| 15:06 | Build | Barracks |
| 15:14 | Build | Archery Range |
| 15:19 | Build | House |
| 15:20 | Build | House |
| 15:29 | Create | Villager (Male) |
| 15:29 | Create | Villager (Male) |
| 16:03 | Create | Villager (Male) |
| 16:03 | Create | Villager (Male) |
| 16:19 | Build | Stone Wall |
| 16:26 | Create | Skirmisher |
| 16:26 | Create | Skirmisher |
| 16:36 | Build | Stone Wall |
| 16:41 | Build | Gate |
| 16:49 | Create | Militia |
| 16:54 | Create | Villager (Male) |
| 16:55 | Create | Villager (Male) |
| 16:55 | Create | Villager (Male) |
| 17:59 | Create | Skirmisher |
| 18:04 | Create | Militia |
| 18:23 | Create | Villager (Male) |
| 18:24 | Create | Villager (Male) |
| 18:24 | Create | Villager (Male) |
| 18:59 | Create | Skirmisher |
| 19:10 | Create | Villager (Male) |
| 19:37 | Create | Skirmisher |
| 19:55 | Build | Farm |
| 19:57 | Build | Farm |
| 19:58 | Build | Farm |
| 19:59 | Build | Farm |
| 20:00 | Build | Farm |
| 20:09 | Build | Market |
| 20:14 | Create | Skirmisher |
| 20:17 | Create | Militia |
| 20:17 | Create | Militia |
| 20:35 | Build | Farm |
| 20:37 | Build | Farm |
| 20:38 | Build | Farm |
| 20:50 | Create | Skirmisher |
| 20:56 | Create | Villager (Male) |
| 20:57 | Create | Villager (Male) |
| 21:30 | Build | Mining Camp |
| 21:32 | Create | Villager (Male) |
| 21:32 | Create | Villager (Male) |
| 21:32 | Create | Villager (Male) |
| 22:15 | Create | Skirmisher |
| 22:36 | Create | Villager (Male) |
| 22:36 | Create | Villager (Male) |
| 22:36 | Create | Villager (Male) |
| 22:52 | Build | Farm |
| 22:54 | Build | Farm |
| 22:55 | Build | Farm |
| 22:56 | Build | Farm |
| 23:01 | Create | Skirmisher |
| 23:01 | Create | Skirmisher |
| 23:32 | Create | Villager (Male) |
| 23:32 | Create | Villager (Male) |
| 23:36 | Create | Skirmisher |
| 23:36 | Create | Skirmisher |
| 24:11 | Build | House |
| 24:12 | Build | House |
| 24:16 | Create | Villager (Male) |
| 24:20 | Create | Skirmisher |
Match timeline
| 4:24 | Coloradota · wall_segment Palisade Wall x1 |
| 6:42 | Coloradota · first_building Barracks |
| 7:24 | guilherme · first_building Barracks |
| 9:31 | Coloradota · wall_segment Palisade Wall x1 |
| 10:03 | Coloradota · age_up feudal |
| 10:29 | Coloradota · first_building Archery Range |
| 10:31 | guilherme · age_up feudal |
| 13:26 | Coloradota · wall_segment Palisade Wall x7 |
| 13:28 | Coloradota · wall_segment Palisade Wall x1 |
| 13:29 | Coloradota · wall_segment Palisade Wall x1 |
| 15:14 | guilherme · first_building Archery Range |
| 16:19 | guilherme · wall_segment Stone Wall x20 |
| 16:36 | guilherme · wall_segment Stone Wall x7 |
| 21:12 | Coloradota · first_market_sell 100 wood |
| 21:14 | Coloradota · first_market_buy 100 food |
| 23:47 | Coloradota · first_building Stable |
| 24:29 | Coloradota · age_up castle |
| 24:35 | Coloradota · first_building Monastery |
| 24:41 | guilherme · resign |
[ AI ANALYSIS · 1 CREDIT ]
What really happened in this match?
Wolo.gg analyzes every decision: build order, eco, micro, common mistakes by bracket. Personalized analysis on WhatsApp or Discord in 30 seconds.
Civ guide
Lithuanians
Perfil
Jugador #823012